 Dungeon Crawl Stone Soup version 0.31-a0-544-gceb718ecc6 (webtiles) character file.

Game seed: 8554940575163593120

11340 arthad the Covert (level 11, -2/53 (56) HPs)
             Began as a Spriggan Enchanter on Aug 15, 2023.
             Was an Initiate of Gozag.
             Killed from afar by Josephine (31 damage)
             ... with a ghostly fireball
             ... on level 10 of the Dungeon on Aug 16, 2023.
             The game lasted 00:30:20 (10461 turns).

arthad the Covert (Spriggan Enchanter)             Turns: 10461, Time: 00:30:21

HP:   -2/53 (56)    AC:  5    Str:  4    XL:     11   Next: 48%
MP:   24/24         EV: 30    Int: 17    God:    Gozag
Gold: 1435          SH:  0    Dex: 32    Spells: 18/26 levels left

rFire   + . .        b - +0 arbalest
rCold   . . .        (shield currently unavailable)
rNeg    . . .        K - +2 robe {rF+}
rPois   .            (helmet restricted)
rElec   .            M - +0 cloak
rCorr   .            (gloves unavailable)
SInv    +            (boots unavailable)
Will    +....        (no amulet)
Stlth   ++++++       g - +6 ring of dexterity
HPRegen 0.28/turn    u - +6 ring of dexterity
MPRegen 0.19/turn

%: no passive effects
@: lethally poisoned (-2 -> -13), gold aura, drained, very quick
A: very small, no large weapons, unfitting armour, see invisible, speed 3
a: Renounce Religion, Potion Petition, Call Merchant, Bribe Branch


You were on level 10 of the Dungeon.
You worshipped Gozag.
Gozag was most pleased with you.
You visited 2 branches of the dungeon, and saw 11 of its levels.

You collected 1541 gold pieces.
You spent 58 gold pieces at shops.
You paid 48 gold pieces to Gozag.

Inventory:

Hand Weapons
 a - a +1 dagger
 b - a +0 arbalest (weapon)
 k - a +1 rapier of holy wrath
 I - a +0 rapier
 J - a +0 dagger of pain
 L - a +2 quarterstaff of chaos
 P - a +0 vampiric long sword
Missiles
 f - 20 darts of dispersal
 p - 10 poisoned darts
 r - 3 throwing nets
 s - 12 boomerangs
Armour
 K - a +2 robe of fire resistance (worn)
 M - a +0 cloak (worn)
 R - +0 acid dragon scales
Magical Staves
 x - a staff of conjuration
Jewellery
 g - a +6 ring of dexterity (left hand)
 i - a ring of ice
 u - a +6 ring of dexterity (right hand)
 G - a ring of poison resistance
 X - a +6 ring of dexterity
Wands
 H - a wand of mindburst (5)
 V - a wand of charming (17)
 W - a wand of acid (12)
Scrolls
 d - 2 scrolls of poison
 h - 4 scrolls of amnesia
 m - 2 scrolls of butterflies
 t - 2 scrolls of vulnerability
 y - 3 scrolls of noise
 z - a scroll of torment
 C - 2 scrolls of blinking {unknown}
 D - a scroll of brand weapon {unknown}
 F - a scroll of enchant armour {unknown}
 N - a scroll of immolation {unknown}
 Q - 4 scrolls of teleportation
 S - 2 scrolls of fear {unknown}
 T - 2 scrolls of revelation {unknown}
 Z - 2 scrolls of identify
Potions
 c - 3 potions of invisibility
 e - 7 potions of curing
 j - a potion of might {unknown}
 l - 3 potions of heal wounds
 n - a potion of ambrosia {unknown}
 o - 2 potions of haste {unknown}
 q - a potion of resistance {unknown}
 v - a potion of attraction {unknown}
 w - a potion of cancellation {unknown}
 A - 2 potions of degeneration {unknown}
 B - a potion of brilliance {unknown}
 E - 2 potions of berserk rage {unknown}
 O - 2 potions of enlightenment {unknown}
 U - 2 potions of lignification {unknown}
 Y - 2 potions of magic {unknown}


   Skills:
 + Level 5.3 Fighting
 + Level 7.3 Short Blades
 * Level 9.1 Ranged Weapons
 + Level 9.2 Dodging
 + Level 10.9 Stealth
 + Level 8.0 Spellcasting
 + Level 0.6 Conjurations
 + Level 8.5 Hexes


You had 18 spell levels left.
You knew the following spells:

 Your Spells              Type           Power      Damage    Failure   Level
a - Tukima's Dance        Hex            35%        N/A       1%          3
b - Confusing Touch       Hex            35%        N/A       1%          3
c - Ensorcelled Hibernat  Hex/Ice        42%        N/A       2%          2

Your spell library contained the following spells:

 Spells                   Type           Power      Damage    Failure   Level
 Dazzling Flash           Conj/Hex       44%        N/A       4%          3
 Apportation              Tloc           12%        N/A       11%         1
 Sublimation of Blood     Necr           6%         N/A       16%         2
 Wereblood                Tmut           6%         N/A       16%         2
 Vhi's Electric Charge    Tloc/Air       12%        N/A       30%         3
 Arcjolt                  Conj/Air       3%         1d13      94%         5
 Irradiate                Conj/Tmut      3%         3d12      94%         5
 Alistair's Intoxication  Tmut/Pois      4%         N/A       96%         5
 Borgnjor's Vile Clutch   Necr/Erth      3%         N/A       96%         5
 Eringya's Noxious Bog    Tmut/Pois      3%         4d6       100%        6
 Summon Hydra             Summ           3%         N/A       100%        7
 Maxwell's Capacitive Co  Air            3%         ∞         100%        8


Dungeon Overview and Level Annotations

Branches:
Dungeon (10/15)            Temple (1/1) D:4            Lair (0/5) D:8
    Orc: D:9-12

Altars:
Ashenzari
Cheibriados
Dithmenos
Elyvilon
Fedhas
Gozag
Hepliaklqana
Makhleb
Nemelex Xobeh
Okawaru
Qazlal
Ru
Sif Muna
Trog
Uskayaw
Vehumet
Wu Jian
Xom
Yredelemnul
Zin
The Shining One

Shops:
D:4 (

Annotations:
D:7 3 runed translucent doors
D:8 Jeremiah
D:10 Josephine


Innate Abilities, Weirdness & Mutations

You are very small and have problems with some larger weapons.
You are too small for most types of armour.
You have supernaturally acute eyesight. (SInv)
You cover ground extremely quickly. (Speed+++)


Message History

The bolt completely misses the wraith.
Josephine misses you.
Fire: b) +0 arbalest
Press: ? - help, Q - select action, (/) - cycle Shift-Dir - straight line, f/p - wraith
Aim: a wraith (severely damaged, 70% to hit)
You shoot a bolt. The bolt completely misses Josephine.
The bolt barely misses the wraith.
Josephine misses you. Josephine barely misses you.
Fire: b) +0 arbalest
Press: ? - help, Q - select action, (/) - cycle Shift-Dir - straight line, f/p - wraith
Aim: a wraith (severely damaged, 70% to hit)
You shoot a bolt. The bolt closely misses Josephine.
The bolt hits the wraith!
You destroy the wraith!
Josephine hits you with a +4 dagger of venom.
You are poisoned.
Unknown command.
Unknown command.
Aiming: Corrosive Bolt
Press: ? - help, Shift-Dir - straight line, f - Josephine
Aim: Josephine, wielding a +4 dagger of venom and wearing a +0 robe (71% to hit)
The bolt of acid hits Josephine!
The acid corrodes Josephine!
Josephine is lightly wounded.
You feel very sick.
Josephine hits you with a +4 dagger of venom!
You are more poisoned.
You feel very sick.
You feel very sick.
There is an open door here.
Fire: b) +0 arbalest
Press: ? - help, Q - select action, (/) - cycle Shift-Dir - straight line, f/p - Josephine
Aim: Josephine, wielding a +4 dagger of venom and wearing a +0 robe (lightly wounded, covered in acid, 70% to hit)
You shoot a bolt. The bolt hits Josephine!!
Josephine is heavily wounded.
You feel very sick. Josephine casts a spell at you.
The ghostly flame explodes!
The ghostly fireball engulfs you!!
You feel drained.
Ouch! That really hurt!
You die...
Your body crumbles into a pile of gold.

x.....#.# .W?..#.#
...... ...# ######.#
#..$...# ###+#######
#@###### #.........#
#.#
#.........######@######
#..<......'.#.........#
#.........#.#.........#
+.........#.'.........#
#.........###.........#
#.........# #....(....#
########+## #.........#
#######+###


You could see Josephine (corroded).

Vanquished Creatures
  Harold (D:9)
  A two-headed ogre (D:8)
  A centaur warrior (D:8)
  A tengu warrior (D:8)
  A deep elf pyromancer (D:8)
  An ugly thing (D:9)
  2 manticores (D:8)
  Maggie (D:6)
  Grinder (D:3)
  Sigmund (D:3)
  3 wraiths
  Eustachio (D:5)
  17 yaks
  Edmund (D:5)
  3 wargs (D:8)
  An orc warrior (D:9)
  Duvessa (D:5)
  A sky beast (D:6)
  2 black bears
  2 ice beasts (D:6)
  A centaur (D:7)
  2 ogres (D:6)
  2 phantoms (D:5)
  3 kobold brigands
  4 bullfrogs
  3 scorpions
  9 wights
  Dowan (D:5)
  6 killer bees
  2 jellies (D:5)
  2 hounds (D:5)
  Crazy Yiuf (D:5)
  7 orc priests
  A gnoll bouda (D:5)
  A sleepcap (D:6)
  5 iguanas
  6 orc wizards
  Robin (D:4)
  3 gnolls (D:5)
  5 adders
  A white imp (D:6)
  An ufetubus (D:7)
  2 worms (D:2)
  3 dart slugs
  20 orcs
  10 ball pythons
  3 bats
  6 endoplasms
  A giant cockroach (D:3)
  8 goblins
  9 hobgoblins
  3 quokkas
  4 frilled lizards
  12 kobolds
  9 rats
200 creatures vanquished.

Notes
Turn   | Place    | Note
-------+----------+-------------------------------------------
     0 | D:1      | arthad the Spriggan Enchanter began the quest for the Orb.
     0 | D:1      | Reached XP level 1. HP: 9/9 MP: 5/5
   348 | D:1      | Reached XP level 2. HP: 11/13 MP: 6/6
   812 | D:2      | Found a shimmering blue altar of Sif Muna.
  1156 | D:2      | Reached skill level 5 in Stealth
  1156 | D:2      | Reached XP level 3. HP: 15/16 MP: 8/8
  1617 | D:3      | Noticed Sigmund
  1738 | D:3      | Noticed Grinder
  1746 | D:3      | Paralysed by Grinder for 2 turns
  1908 | D:3      | Reached skill level 1 in Ranged Weapons
  1967 | D:3      | Killed Sigmund
  1968 | D:3      | Reached skill level 1 in Fighting
  1968 | D:3      | Reached XP level 4. HP: 12/22 MP: 8/10
  1968 | D:3      | Reached XP level 5. HP: 14/25 MP: 8/11
  1989 | D:3      | Paralysed by Grinder for 4 turns
  2097 | D:3      | Killed Grinder
  2098 | D:3      | Reached XP level 6. HP: 15/30 MP: 12/12
  2319 | D:4      | Reached skill level 6 in Stealth
  2407 | D:3      | Noticed Robin
  2463 | D:4      | Killed Robin
  2934 | D:4      | Reached XP level 7. HP: 34/34 MP: 12/14
  3079 | D:4      | Found a bloodstained altar of Trog.
  3193 | D:4      | Found a staircase to the Ecumenical Temple.
  3203 | Temple   | Entered the Ecumenical Temple
  3217 | Temple   | Became a worshipper of Gozag Ym Sagoz the Greedy
  3610 | D:4      | Found Fotoj's Weapon Shoppe.
  3628 | D:4      | Bought a +0 arbalest for 58 gold pieces
  3661 | D:5      | Entered Level 5 of the Dungeon
  3812 | D:5      | Noticed Eustachio
  4021 | D:5      | Noticed Duvessa
  4021 | D:5      | Noticed Dowan
  4126 | D:5      | Reached skill level 5 in Hexes
  4284 | D:5      | You fall into a shaft and drop 3 floors!
  4401 | D:6      | Noticed a wraith
  4631 | D:5      | Reached skill level 5 in Dodging
  4709 | D:5      | Noticed Edmund
  4734 | D:5      | Killed Edmund
  4735 | D:5      | Reached skill level 7 in Stealth
  4735 | D:5      | Reached XP level 8. HP: 21/39 MP: 14/16
  4843 | D:5      | Killed Eustachio
  4935 | D:5      | Reached skill level 5 in Spellcasting
  5079 | D:5      | Reached skill level 5 in Ranged Weapons
  5247 | D:5      | Found a runed translucent door.
  5248 | D:5      | Noticed Crazy Yiuf
  5596 | D:5      | Killed Duvessa
  5604 | D:5      | Killed Dowan
  5800 | D:5      | Killed Crazy Yiuf
  5959 | D:6      | Reached XP level 9. HP: 44/44 MP: 18/18
  5988 | D:6      | Reached skill level 8 in Stealth
  6297 | D:6      | Noticed Maggie
  6312 | D:6      | Killed Maggie
  6313 | D:6      | Reached skill level 5 in Short Blades
  7269 | D:7      | Found a runed translucent gate.
  7269 | D:7      | Found a runed translucent gate.
  7269 | D:7      | Found a runed translucent gate.
  7269 | D:7      | Noticed a polar bear
  7809 | D:8      | Reached skill level 9 in Stealth
  7970 | D:8      | Found a hide-covered altar of Uskayaw.
  7978 | D:8      | Found a shimmering altar of Xom.
  7979 | D:8      | Found a broken altar of Ashenzari.
  7979 | D:8      | Noticed Jeremiah
  8030 | D:8      | Found a staircase to the Lair.
  8030 | D:8      | Noticed a centaur warrior
  8052 | D:8      | Killed a centaur warrior
  8053 | D:8      | Reached XP level 10. HP: 25/49 MP: 20/20
  8287 | D:8      | Noticed a two-headed ogre
  8304 | D:8      | Killed a two-headed ogre
  8339 | D:8      | Noticed a manticore
  8340 | D:8      | Noticed a manticore
  8340 | D:8      | Noticed a deep elf pyromancer
  8361 | D:8      | Killed a manticore
  8369 | D:8      | Killed a deep elf pyromancer
  8375 | D:8      | Killed a manticore
  8376 | D:8      | Reached skill level 10 in Stealth
  8490 | D:8      | Noticed a seven-headed hydra
  8528 | D:8      | Noticed a tengu warrior
  8734 | D:8      | Noticed a cyclops
  8816 | D:8      | Killed a tengu warrior
  9108 | D:9      | Found a shimmering blue altar of Sif Muna.
  9185 | D:9      | Reached XP level 11. HP: 54/54 MP: 23/23
  9218 | D:9      | Reached skill level 5 in Fighting
  9612 | D:9      | Learned a level 3 spell: Tukima's Dance
  9616 | D:9      | Learned a level 3 spell: Confusing Touch
  9619 | D:9      | Learned a level 2 spell: Ensorcelled Hibernation
  9730 | D:9      | Noticed Harold
  9739 | D:9      | Killed Harold
  9913 | D:9      | Noticed a brown ugly thing
  9944 | D:9      | Killed a brown ugly thing
 10416 | D:10     | Entered Level 10 of the Dungeon
 10443 | D:10     | Noticed Josephine
 10461 | D:10     | Killed from afar by Josephine

Illustrated notes

Levels and vault maps discovered:
D:1:      mainiacjoe_arrival_reflecting_pool, layout_basic
D:2:      layout_loops_ring, basic_altar, hangedman_abyss_or_decor_stabs,
          serial_bayou_pond_c, minmay_tetromino_i2
D:3:      layout_basic, uniq_sigmund, uniq_grinder, uniq_robin
D:4:      layout_basic, lemuel_doored_altar, minmay_temple_entry_antechambers,
          serial_shops, nicolae_lakefront_shop
D:5:      layout_loops_corners, uniq_eustachio, uniq_edmund,
          uniq_crazy_yiuf_cottage, uniq_duvessa
D:6:      layout_basic, uniq_maggie
D:7:      lemuel_bear_cage, layout_basic, nrook_uturn, serial_park_tiny_pond,
          nicolae_hexahallways, minmay_misc_feat_rows, minmay_misc_feat_cross,
          minmay_unpleasant_kobolds
D:8:      layout_cave_pools, chequers_temple_overflow_statue_of_worship,
          nicolae_kikubaaqudgha_miasma_corner, erik_lair_orcish_takeover,
          minmay_crystal_room, minmay_shattered_shrine, uniq_jeremiah
D:9:      layout_basic, mainiacjoe_overflow_tiny_flanked, serial_aquarium,
          aquarium_bridge_long_joined [aquarium_subvault_wall,
          aquarium_subvault_wall, aquarium_subvault_bridge,
          aquarium_subvault_wall, aquarium_subvault_balcony,
          aquarium_subvault_bridge], aquarium_bridge_island_small
          [aquarium_subvault_small_water, aquarium_subvault_bridge,
          aquarium_subvault_wall, aquarium_subvault_balcony,
          aquarium_subvault_bridge], aquarium_window_2, aquarium_window_1,
          aquarium_window_1, aquarium_window_1, aquarium_view_4,
          aquarium_pool_1, minmay_microvault, uniq_harold
D:10:     layout_roguey, serial_curves, eino_curves_02, eino_curves_03,
          eino_curves_04, uniq_josephine
Temple:   lightli_temple_of_artemis

Skill      XL: |  1  2  3  4  5  6  7  8  9 10 11 |
---------------+----------------------------------+-----
Dodging        | 3 4 5 6 7 8 9 |  9.2
Spellcasting   | 3 4 5 6 7 8 |  8.0
Stealth        | 5 6 7 9 10 | 10.9
Hexes          | 4 5 6 7 8 |  8.5
Ranged Weapons | 2 3 4 5 7 8 9 |  9.1
Fighting       | 1 2 3 4 5 |  5.3
Short Blades   | 2 3 4 5 6 7 |  7.3
Conjurations   | |  0.6

Action                     |  1- 3 |  4- 6 |  7- 9 | 10-12 || total
---------------------------+-------+-------+-------+-------++-------
  Melee: Dagger            |    56 |    26 |       |       ||    82
   Fire: Sling             |    74 |    74 |    25 |       ||   173
         Arbalest          |       |       |   258 |   220 ||   478
  Throw: Dart              |     8 |       |       |       ||     8
  Evoke: Wand              |       |       |     6 |     7 ||    13
    Use: Scroll            |       |       |    10 |       ||    10
         Potion            |       |       |     1 |     2 ||     3
   Stab: Sleeping          |    10 |       |       |       ||    10
 Armour: Robe              |     3 |       |    11 |     6 ||    20
  Dodge: Dodged            |    49 |    39 |   139 |   122 ||   349

Table legend: (Time is in decaauts)
 A = Elapsed time spent in this place.
 B = Non-inter-level travel time spent in this place.
 C = Inter-level travel time spent in this place.
 D = Time resting spent in this place.
 E = Time spent auto-exploring this place.
 F = Levels seen in this place.
 G = Mean time per level.
                   A        B        C        D        E       F      G
               +--------+--------+--------+--------+--------+-----+--------+
         Total |   7783 |   7383 |    400 |    431 |   4763 |  11 |  707.5 |
       Dungeon |   7765 |   7372 |    393 |    431 |   4763 |  10 |  776.5 |
        Temple |     18 |     11 |      7 |      0 |      0 |   1 |   18.0 |
               +--------+--------+--------+--------+--------+-----+--------+

Top non-repeatable levels by time:
     D:9: 1110 daAuts
     D:5: 1107 daAuts
     D:4: 1043 daAuts
     D:8: 981 daAuts
     D:7: 867 daAuts
     D:6: 804 daAuts
     D:2: 725 daAuts
     D:3: 583 daAuts
     D:1: 505 daAuts
    D:10: 36 daAuts
  Temple: 18 daAuts
